Map: Breakwater LE

Players

flemmig

  • Race: Protoss Protoss
  • Spawn Location: 7:00

lIllIllllIIl

  • Race: Protoss Protoss
  • Spawn Location: 7:00

ALESSANDROU

  • Race: Terran Terran
  • League: Bronze
  • Spawn Location: 1:00

David

  • Race: Terran Terran
  • Spawn Location: 1:00

VOD

Have the link to the VOD?

Description

Time

  • Played on: April 11, 2025, 11:22 a.m.
  • Length: 3:06
Show
View Real Time Build Order
Export as new Build Order

flemmig Protoss 

Build Orders: 1 Gate Expand 

Get SALT Encoding   

  1  0:00  Probe  
  13  0:16  Pylon, Probe  
  14  0:30  Assimilator  
  14  0:31  Probe  
  15  0:44  Probe  
  16  0:55  Gateway  
  16  0:57  Probe  
  17  1:05  Probe  
  18  1:13  Probe  
  18  1:16  Assimilator  
  20  1:32  Probe  
  20  1:33  Nexus  
  20  1:45  Cybernetics Core  
  20  1:54  Assimilator  
  20  2:01  Forge  
  20  2:02  Probe  
  21  2:13  Zealot  
  23  2:22  Pylon  
  23  2:40  Probe  
  23  2:43  Stargate  
  24  2:44  Probe  
  25  2:52  Probe  
Show
View Real Time Build Order
Export as new Build Order

lIllIllllIIl Protoss 

Build Orders:  

Get SALT Encoding   

  12  0:00  Probe  
  13  0:12  Probe  
  14  0:24  Probe  
  15  0:44  Pylon  
  15  1:02  Gateway  
  15  1:04  Gateway  
  15  1:09  Gateway  
  15  1:10  Gateway  
  15  1:15  Probe  
  15  1:18  Pylon  
  16  1:47  Zealot  
  16  1:48  Zealot  
  16  1:49  Zealot  
  16  1:51  Zealot  
  24  2:08  Pylon  
  24  2:13  Zealot  
  26  2:16  Zealot  
  26  2:17  Zealot  
  26  2:18  Zealot  
Show
View Real Time Build Order
Export as new Build Order

ALESSANDROU Terran 

Build Orders:  

Get SALT Encoding   

  12  0:12  Supply Depot  
  12  0:26  SCV  
  13  0:31  Refinery  
  13  0:38  SCV  
  14  0:44  Barracks  
  14  0:51  SCV  
  15  1:03  SCV  
  16  1:14  Refinery  
  16  1:15  SCV  
  17  1:24  Engineering Bay  
  17  1:27  SCV  
  18  1:39  SCV  
  19  1:40  Bunker  
  19  1:44  Marine  
  20  1:51  SCV  
  20  1:53  Missile Turret  
  21  2:03  SCV  
  22  2:09  Supply Depot  
  22  2:17  SCV  
  23  2:31  Marine  
  23  2:32  Supply Depot  
Show
View Real Time Build Order
Export as new Build Order

David Terran 

Build Orders:  

Get SALT Encoding   

  12  0:02  SCV  
  13  0:21  SCV  
  13  0:23  Supply Depot  
  14  0:37  Refinery  
  14  0:47  Barracks  
  14  0:52  SCV  
  15  1:04  SCV  
  16  1:34  Orbital Command  
  16  1:35  Barracks Reactor  
  16  1:39  Supply Depot  
  16  2:02  SCV  
  16  2:08  Command Center  
  17  2:13  Marine x2  
  19  2:21  Barracks  
  19  2:47  Marine x2  
Tags
 
Add a new tag
Caveats
  • Supply blocks, unpowered buildings, or Contaminate may cause inaccurate times.
  • Supply counts are checked every 10 seconds.